Map: Odyssey LE

Players

Juxtapose

  • Race: Terran Terran
  • League: Platinum
  • Spawn Location: 5:00

GrosMou - Winner!

  • Race: Protoss Protoss
  • League: Diamond
  • Spawn Location: 11:00

VOD

https://youtu.be/nl61Yw3m440

Description

While I do wish the system would stop matching me up against Diamond League opponents at this point, I must admit I found this game quite frustrating.

I actually haven't faced Photon Cannon Rushes much in my Ranked career, but when I have they've come a little later than this.

I actually didn't know what to do, and post-game the only things I could think of would be 1) Lift off my Command Centre immediately and try to relocate, though I fully expect this would have been noticed soon enough to make little difference, or 2) try and Build an Engineering Bay ASAP and turn my Command Centre into a Planetary Fortress since I hadn't started an Orbital Command yet.

I have no clue though how that would have went. Thoughts? Suggestions?

Time

  • Played on: Jan. 18, 2018, 7:31 p.m.
  • Length: 8:41
Show
View Real Time Build Order
Export as new Build Order

Juxtapose Terran 

Build Orders:  

Get SALT Encoding   

  12  0:01  SCV  
  13  0:13  SCV  
  14  0:21  Supply Depot  
  14  0:25  SCV  
  15  0:43  SCV  
  15  0:45  Barracks  
  15  0:48  Supply Depot  
  16  0:55  SCV  
  17  1:05  Refinery  
  17  1:07  SCV  
  18  1:19  SCV  
  18  1:22  Refinery  
  19  1:33  SCV  
  19  1:36  Marine  
  21  1:43  Bunker  
  21  1:48  SCV  
  21  2:07  SCV  
  21  2:33  Barracks Reactor  
  10  3:33  Barracks Reactor  
  10  3:37  Orbital Command  
  5  4:04  SCV  
  5  4:09  Marine  
  6  4:11  Marine  
  6  4:16  SCV  
  8  4:28  SCV  
  8  4:29  Marine  
  9  4:40  SCV  
  8  4:46  Marine  
  8  4:53  SCV  
    5:43  Orbital Command  
    6:04  Barracks Reactor  
    6:10  SCV  
  1  6:22  SCV  
  2  6:34  SCV  
  3  6:44  Supply Depot  
  3  6:46  SCV  
  4  6:58  SCV  
  4  7:00  Supply Depot  
  5  7:10  SCV  
  5  7:13  Barracks  
  6  7:17  Barracks  
  6  7:23  SCV  
  7  7:35  SCV  
  8  7:49  SCV  
  8  8:01  Bunker, Marine  
  8  8:04  Marine  
  7  8:18  SCV  
  7  8:19  Marine  
  8  8:22  Marine  
Show
View Real Time Build Order
Export as new Build Order

GrosMou Protoss - Winner!

Build Orders: Cannon Rush 

Get SALT Encoding   

  12  0:04  Probe (Chrono Boost)  
  14  0:14  Probe (Chrono Boost)  
  14  0:21  Pylon  
  14  0:23  Probe  
  15  0:39  Probe  
  15  0:41  Forge  
  16  0:51  Probe  
  17  1:00  Pylon  
  17  1:20  Photon Cannon  
  17  1:23  Photon Cannon  
  17  1:26  Photon Cannon  
  17  1:35  Gateway  
  17  1:40  Probe (Chrono Boost)  
  17  1:47  Assimilator  
  18  1:50  Probe (Chrono Boost)  
  19  2:09  Pylon  
  19  2:31  Photon Cannon  
  19  2:34  Photon Cannon  
  19  2:35  Zealot (Chrono Boost)  
  21  2:46  Photon Cannon  
  21  2:53  Zealot (Chrono Boost)  
  23  3:19  Zealot  
  25  3:21  Assimilator  
  25  3:41  Cybernetics Core  
  25  3:46  Zealot  
  25  4:07  Pylon  
  25  4:28  Photon Cannon  
  25  4:32  Pylon  
  22  5:25  Stalker  
  24  5:44  Photon Cannon  
  24  5:50  Stargate  
  24  5:53  Stargate  
  24  5:55  Stalker  
  26  6:25  Stalker  
  28  6:43  Phoenix (Chrono Boost)  
  28  6:44  Phoenix (Chrono Boost)  
  32  6:55  Stalker  
  34  7:01  Phoenix (Chrono Boost)  
Tags
 
Add a new tag
Caveats
  • Supply blocks, unpowered buildings, or Contaminate may cause inaccurate times.
  • Supply counts are checked every 10 seconds.